 Dungeon Crawl Stone Soup version 0.17-a0-1920-gafa4d75 (webtiles) character file.

130 pk666 the Magician (level 4, -1/24 HPs)
             Began as a Deep Elf Wizard on Sept 27, 2015.
             Killed by divine providence
             ... invoked by an orc priest
              (10 damage)
             ... on level 3 of the Dungeon.
             The game lasted 00:09:22 (3279 turns).

pk666 the Magician (Deep Elf Wizard)                Turns: 3279, Time: 00:09:22

Health: -1/24      AC:  6    Str:  4    XL:     4   Next: 89%
Magic:  3/13       EV: 12    Int: 24    God:
Gold:   126        SH:  0    Dex: 13    Spells: 5 memorised, 3 levels left

rFire  . . .     SeeInvis .     t - +0 dagger (elec)
rCold  . . .     Clarity  .     a - +0 robe
rNeg   . . .     SustAt   +     (no shield)
rPois  .         Gourm    .     b - +0 hat
rElec  .         Spirit   .     (no cloak)
rCorr  .         Warding  .     (no gloves)
rMut   .         Stasis   .     (no boots)
MR     .....                    (no amulet)
Stlth  ++........               i - ring of sustain attributes
                                f - +4 ring of protection

@: repel missiles, not resistant to hostile enchantments, unstealthy
A: no striking features
a: no special abilities


You were on level 3 of the Dungeon.
You were very hungry.

You visited 1 branch of the dungeon, and saw 3 of its levels.

You collected 126 gold pieces.

Inventory:

Hand weapons
 g - a +0 dagger
 t - a +0 dagger of electrocution (weapon)
Armour
 a - a +0 robe (worn)
 b - a +0 hat (worn)
Jewellery
 f - a +4 ring of protection (left hand)
 i - a ring of sustain attributes (right hand)
Scrolls
 e - 4 scrolls of identify {unknown}
 k - 2 scrolls of immolation {unknown}
 l - 2 scrolls of fog {unknown}
 q - 2 scrolls of remove curse {unknown}
 v - a scroll of amnesia {unknown}
Potions
 n - a potion of heal wounds {unknown}
 o - a potion of agility {unknown}
 p - 2 potions of resistance {unknown}
 r - a potion of flight {unknown}
 s - a potion of cancellation {unknown}
 u - a potion of brilliance {unknown}
Books
 c - a book of Minor Magic

   Spells                             Type                      Level
   a - Magic Dart                     Conjuration                  1
   b - Blink                          Translocation                2
   c - Call Imp                       Summoning                    2
   d - Repel Missiles                 Charms/Air                   2
   e - Slow                           Hexes                        2
   f - Conjure Flame                  Conjuration/Fire             3
   g - Mephitic Cloud                 Conjuration/Poison/Air       3
 h - a book of Battle

   Spells                             Type                      Level
   a - Infusion                       Charms                       1
   b - Shroud of Golubria             Charms/Translocation         2
   c - Song of Slaying                Charms                       2
   d - Spectral Weapon                Hexes/Charms                 3
   e - Regeneration                   Charms/Necromancy            3
Comestibles
 d - 3 bread rations
 j - a slice of pizza
 m - a beef jerky


   Skills:
 - Level 2.4 Dodging
 - Level 2.4 Stealth
 + Level 5.7 Spellcasting
 + Level 3.1 Conjurations
   Level 1.1 Summonings
 - Level 1.1 Translocations
 + Level 1.9 Air Magic
 + Level 1.2 Poison Magic


You had 3 spell levels left.
You knew the following spells:

 Your Spells              Type           Power        Failure   Level  Hunger
d - Conjure Flame         Conj/Fire      ##......     14%         3    #......
q - Blink                 Tloc           N/A          10%         2    None
w - Repel Missiles        Chrm/Air       ##....       12%         2    None
x - Mephitic Cloud        Conj/Pois/Air  ###.....     12%         3    #......
z - Magic Dart            Conj           ###.         1%          1    None


Dungeon Overview and Level Annotations

Branches:
Dungeon (3/15)

Altars:

Annotations:
D:3 derrpe's ghost, average FoFi


Message History

Aim: an orc, wielding a trident (severely wounded, confused)
The magic dart hits the orc.
You kill the orc!
An orc priest comes into view. It is wielding a hand axe.
Casting: Magic Dart
Confirm with . or Enter, or press ? or * to list all spells.
You don't have enough magic to cast that spell.
The orc priest calls down the wrath of Beogh upon you.
Something smites you!
Ouch! That really hurt!
Casting: Magic Dart
Confirm with . or Enter, or press ? or * to list all spells.
You don't have enough magic to cast that spell.
Casting: Magic Dart
Confirm with . or Enter, or press ? or * to list all spells.
You can't see any susceptible monsters within range! (Use Z to cast anyway.)
You are feeling very hungry.
The orc priest invokes the aid of Beogh against you.
Something smites you!
You die...

#.. #.....# #o.###
#.# ##...##
.o...#######.##
##### ##.## .(##.#..
.....###...####.#
..##.#.# .....
#........# ..##.#.#
... #...######
..##.#.#####.# ##.##
.........o##.#####.#
####.#.##.......@..#
...#.......#######
#############


You could see an orc priest.

Vanquished Creatures
  An orc priest (D:3)
  2 adders (D:2)
  2 oozes (D:1)
  6 giant geckos
  2 orcs (D:3)
  9 goblins
  8 hobgoblins
  7 jackals
  2 giant cockroaches (D:1)
  2 giant newts
  11 kobolds
  7 rats
59 creatures vanquished.

Vanquished Creatures (others)
  A giant cockroach (D:1)
1 creature vanquished.

Grand Total: 60 creatures vanquished

Notes
Turn   | Place    | Note
--------------------------------------------------------------
     0 | D:1      | pk666 the Deep Elf Wizard began the quest for the Orb.
     0 | D:1      | Reached XP level 1. HP: 10/10 MP: 7/7
   173 | D:1      | Reached XP level 2. HP: 10/15 MP: 2/9
   590 | D:1      | Reached skill level 5 in Spellcasting
   886 | D:1      | Reached XP level 3. HP: 19/19 MP: 8/11
   903 | D:1      | Learned a level 2 spell: Blink
   906 | D:1      | Learned a level 2 spell: Repel Missiles
   910 | D:1      | Learned a level 3 spell: Conjure Flame
   914 | D:1      | Learned a level 3 spell: Mephitic Cloud
  1780 | D:2      | Reached skill level 1 in Air Magic
  1960 | D:2      | Reached XP level 4. HP: 15/24 MP: 3/13
  3062 | D:3      | Noticed derrpe's ghost (average FoFi)
  3260 | D:3      | Reached skill level 1 in Poison Magic
  3279 | D:3      | Killed from afar by an orc priest

Vault maps used:
D:1:      erik_arrival_gehennom, lemuel_old_faithful

Action                   |  1- 3 |  4- 6 || total
-------------------------+-------+-------++-------
Melee: Dagger            |     9 |       ||     9
 Cast: Magic Dart        |   102 |    47 ||   149
       Repel Missiles    |     1 |       ||     1
       Conjure Flame     |       |     2 ||     2
       Mephitic Cloud    |       |     2 ||     2
  Eat: Chunk             |     3 |     3 ||     6
